 Dungeon Crawl Stone Soup version 0.19.5 (webtiles) character file.

78 QuCean the Chopper (level 4, -7/41 HPs)
             Began as a Minotaur Monk on May 3, 2017.
             Mangled by tschems's ghost (17 damage)
             ... on level 3 of the Dungeon.
             The game lasted 00:05:14 (1284 turns).

QuCean the Chopper (Minotaur Monk)                  Turns: 1284, Time: 00:05:14

Health: -7/41      AC:  2    Str: 16    XL:     4   Next: 15%
Magic:  3/3        EV: 14    Int:  7    God:
Gold:   46         SH:  0    Dex: 13    Spells: 0 memorised, 3 levels left

rFire  . . .     SeeInvis .     a - +0 hand axe
rCold  . . .     Gourm    .     b - +0 robe
rNeg   . . .     Faith    .     (no shield)
rPois  .         Spirit   .     (helmet restricted)
rElec  .         Reflect  .     (no cloak)
rCorr  .         Harm     .     (no gloves)
MR     .....     Rnd*Tele +     (no boots)
Stlth  ++........               (no amulet)
                                (no ring)
                                f - ring of teleportation (curse)

@: no status effects
A: retaliatory headbutt, horns 2
a: no special abilities


You were on level 3 of the Dungeon.
You were not hungry.

You visited 1 branch of the dungeon, and saw 3 of its levels.

You collected 46 gold pieces.

Inventory:

Hand Weapons
 a - a +0 hand axe (weapon)
Armour
 b - a +0 robe (worn)
Jewellery
 f - a cursed ring of teleportation (left hand)
Scrolls
 e - a scroll of enchant armour {unknown}
 g - a scroll of remove curse {unknown}
 h - a scroll of identify {unknown}
 i - a scroll of magic mapping {unknown}
 j - a scroll of teleportation {unknown}
Potions
 k - 2 potions of lignification {unknown}
 m - a potion of invisibility {unknown}
Comestibles
 c - a bread ration
 d - a meat ration


   Skills:
 + Level 4.4 Fighting
 + Level 4.6 Axes
 + Level 4.1 Dodging
 + Level 1.7 Stealth


You had 3 spell levels left.
You didn't know any spells.

Dungeon Overview and Level Annotations

Branches:
Dungeon (3/15)

Altars:

Annotations:
D:3 tschems's ghost, amateur HuFi


Innate Abilities, Weirdness & Mutations

You reflexively headbutt those who attack you in melee.
You have a pair of horns on your head.


Message History

The bat hits you but does no damage. The dart slug launches a dart at you.
The slug dart hits you!
You hit tschems's ghost.
Tschems's ghost is lightly damaged.
The bat misses you. Tschems's ghost hits you!
You hit tschems's ghost but do no damage.
The bat hits you but does no damage. Tschems's ghost closely misses you.
Tschems's ghost misses you. You furiously retaliate!
You headbutt tschems's ghost, but do no damage.
You hit tschems's ghost. You headbutt tschems's ghost.
Tschems's ghost is lightly damaged.
You barely miss the bat. The bat misses you. Tschems's ghost hits you.
* * * LOW HITPOINT WARNING * * *
You hit tschems's ghost.
Tschems's ghost is lightly damaged.
The bat closely misses you. You furiously retaliate!
You headbutt the bat!
You kill the bat!
Tschems's ghost hits you!
You die...

..##≈≈ ≈≈##..###
##.≈≈≈#≈≈#...... #
##≈≈≈≈≈≈#≈≈≈≈..##
.#≈≈≈≈≈#≈≈≈≈≈≈≈..# #
.≈≈≈≈≈≈≈#≈≈≈#≈.# ..#
#≈≈#≈≈≈≈≈≈≈≈≈≈##
#≈≈#≈≈#≈≈≈≈≈≈.≈≈≈≈#
..≈#≈.8.≈[).≈≈≈W†≈≈#.#
...≈≈...).<.8.$@≈≈...#
.#≈≈≈≈.≈≈$..†≈%$≈≈≈).#
#≈≈≈≈≈≈≈≈≈≈≈≈≈≈≈≈≈.##
..#≈≈≈≈#≈≈≈≈≈≈#≈≈≈#.#
# #.≈≈≈≈≈≈≈≈≈≈≈≈≈.# #
..#≈≈≈≈≈≈w≈≈≈≈≈≈#..
#.###≈#≈≈≈≈≈≈≈w≈##..#
#. ##.≈≈≈#≈≈≈.## #.#
.##≈≈.≈≈##. .#


You could see tschems's ghost and 2 dart slugs.

Vanquished Creatures
  An orc wizard (D:3)
  An ooze (D:1)
  9 dart slugs
  A leopard gecko (D:1)
  2 orcs (D:3)
  2 ball pythons (D:1)
  4 bats
  3 giant cockroaches
  A goblin (D:1)
  A hobgoblin (D:1)
  3 kobolds (D:1)
  3 rats (D:1)
31 creatures vanquished.

Notes
Turn   | Place    | Note
-------+----------+-------------------------------------------
     0 | D:1      | QuCean the Minotaur Monk began the quest for the Orb.
     0 | D:1      | Reached XP level 1. HP: 19/19 MP: 0/0
    23 | D:1      | Noticed a merfolk zombie
   145 | D:1      | Reached XP level 2. HP: 27/27 MP: 1/1
   748 | D:3      | Reached XP level 3. HP: 12/33 MP: 2/2
  1090 | D:3      | Reached XP level 4. HP: 34/40 MP: 3/3
  1275 | D:3      | Noticed tschems's ghost (amateur HuFi)
  1284 | D:3      | Mangled by tschems's ghost

Skill      XL: |  1  2 |
---------------+-------+-----
Dodging        | 4 |  4.1
Axes           | 4 |  4.6
Fighting       | 4 |  4.4
Stealth        | |  1.7

Action                   |  1- 3 |  4- 6 || total
-------------------------+-------+-------++-------
Melee: Hand axe          |    54 |    15 ||    69
       Headbutt          |    13 |     2 ||    15
  Eat: Chunk             |       |     1 ||     1
Armor: Robe              |    12 |     3 ||    15
Dodge: Dodged            |    52 |    24 ||    76
